 Dungeon Crawl Stone Soup version 0.19.5 (webtiles) character file.

325 Kisielow the Changer (level 6, 0/44 HPs)
             Began as a Merfolk Transmuter on May 22, 2017.
             Slain by Grinder (2 damage)
             ... on level 4 of the Dungeon.
             The game lasted 00:07:16 (3929 turns).

Kisielow the Changer (Merfolk Transmuter)           Turns: 3929, Time: 00:07:17

Health: 0/44       AC:  3    Str: 10    XL:     6   Next: 48%
Magic:  8/9        EV: 14    Int: 15    God:
Gold:   92         SH:  0    Dex: 14    Spells: 1 memorised, 6 levels left

rFire  . . .     SeeInvis .       - Unarmed
rCold  . . .     Gourm    .     b - +0 robe
rNeg   . . .     Faith    .     (no shield)
rPois  .         Spirit   .     m - +1 hat
rElec  .         Reflect  .     (no cloak)
rCorr  .         Harm     .     (no gloves)
MR     .....                    (no boots)
Stlth  +.........               (no amulet)
                                (no ring)
                                (no ring)

@: no status effects
A: change form in water, swift swim, stealthy swim
a: no special abilities


You were on level 4 of the Dungeon.
You were not hungry.

You visited 1 branch of the dungeon, and saw 4 of its levels.

You collected 92 gold pieces.

Inventory:

Missiles
 a - 55 arrows
Armour
 b - a +0 robe (worn)
 m - a +1 hat (worn)
Scrolls
 h - a scroll of enchant weapon
Potions
 l - a potion of might {unknown}
 o - a potion of flight {unknown}
 q - 2 potions of cancellation
Books
 c - a book of Changes

   Spells                             Type                      Level
   a - Beastly Appendage              Transmutation                1
   b - Sticks to Snakes               Transmutation                2
   c - Spider Form                    Transmutation/Poison         3
   d - Ice Form                       Ice/Transmutation            4
   e - Blade Hands                    Transmutation                5
Comestibles
 d - 2 bread rations
 k - a beef jerky
 r - 3 chunks of flesh
 s - a slice of pizza


   Skills:
 + Level 2.1 Fighting
 * Level 3.8 Dodging
 + Level 5.4 Unarmed Combat
 - Level 2.0 Spellcasting
 - Level 6.0 Transmutations


You had 6 spell levels left.
You knew the following spells:

 Your Spells              Type           Power        Failure   Level  Hunger
q - Spider Form           Tmut/Pois      ##........   21%         3    ###....


Dungeon Overview and Level Annotations

Branches:
Dungeon (4/15)
 Temple: D:4-7

Altars:
Elyvilon
Fedhas
Kikubaaqudgha
Uskayaw
Zin

Annotations:
D:4 Grinder


Message History

Grinder hits you! Grinder hits you!
* * * LOW HITPOINT WARNING * * *
You writhe in agony.
* * * LOW HITPOINT WARNING * * *
Grinder blinks!
You can move again.
Grinder gestures at you. You resist with significant effort.
Grinder says, "Mostly I couldn't keep them alive."
You barely miss Grinder. Grinder gestures at you.
Pain shoots through your body!
* * * LOW HITPOINT WARNING * * *
You hit Grinder.
Grinder is lightly wounded.
Your transformation has ended.
Your +1 hat unmelds from your body.
Your +0 robe unmelds from your body.
Grinder hits you.
You die...

# #..........
#.#..........
#.##........#
#..#..5..>..#
#..!§......
#..........
##.§......#
############..##..##
#<5@.........## .##
#.############ # #.#
#.# #.# #.# #.# #.#


You could see Grinder.

Vanquished Creatures
  An orc warrior (D:3)
  A howler monkey (D:3)
  4 gnolls (D:3)
  6 adders (D:3)
  An ooze (D:1)
  2 worms
  3 dart slugs
  A leopard gecko (D:2)
  6 orcs (D:3)
  6 bats
  2 giant cockroaches
  9 goblins
  14 hobgoblins
  3 jackals (D:3)
  A quokka (D:2)
  8 frilled lizards
  5 kobolds
  13 rats
86 creatures vanquished.

Notes
Turn   | Place    | Note
-------+----------+-------------------------------------------
     0 | D:1      | Kisielow the Merfolk Transmuter began the quest for the Orb.
     0 | D:1      | Reached XP level 1. HP: 15/15 MP: 3/3
   113 | D:1      | Reached XP level 2. HP: 16/21 MP: 5/5
   866 | D:1      | Reached XP level 3. HP: 24/26 MP: 6/6
  1050 | D:1      | Learned a level 3 spell: Spider Form
  1310 | D:2      | Found a blossoming altar of Fedhas.
  1409 | D:2      | Reached skill level 5 in Unarmed Combat
  1486 | D:2      | Found a glowing silver altar of Zin.
  1486 | D:2      | Found a hide-covered altar of Uskayaw.
  1486 | D:2      | Found a white marble altar of Elyvilon.
  1685 | D:2      | Reached skill level 3 in Transmutations
  2021 | D:3      | Reached XP level 4. HP: 27/32 MP: 7/7
  2310 | D:3      | Reached skill level 4 in Transmutations
  2314 | D:3      | Reached skill level 5 in Transmutations
  2314 | D:3      | Reached XP level 5. HP: 22/37 MP: 2/8
  2840 | D:3      | Reached skill level 6 in Transmutations
  3279 | D:3      | Reached XP level 6. HP: 39/43 MP: 3/9
  3435 | D:3      | Noticed an orc warrior
  3437 | D:3      | Found an ancient bone altar of Kikubaaqudgha.
  3464 | D:3      | Killed an orc warrior
  3831 | D:4      | Noticed Grinder
  3915 | D:4      | Paralysed by Grinder for 2 turns
  3921 | D:4      | Paralysed by Grinder for 5 turns
  3928 | D:4      | HP: 2/44 [Grinder/nerve-wracking pain (6)]
  3929 | D:4      | Slain by Grinder

Skill      XL: |  1  2  3  4  5  6 |
---------------+-------------------+-----
Unarmed Combat | 4 5 |  5.4
Transmutations | 3 5 6 |  6.0
Fighting       | 2 |  2.1
Dodging        | 3 |  3.8
Spellcasting   | |  2.0

Action                   |  1- 3 |  4- 6 || total
-------------------------+-------+-------++-------
Melee: Unarmed           |   131 |   130 ||   261
       Punch             |     3 |     1 ||     4
 Cast: Spider Form       |     1 |    17 ||    18
       Beastly Appendage |       |     1 ||     1
  Use: Scroll            |       |     8 ||     8
 Stab: Sleeping          |     5 |     3 ||     8
  Eat: Chunk             |     4 |     3 ||     7
       Meat ration       |       |     1 ||     1
Armor: Robe              |     3 |    12 ||    15
       Skin              |       |     9 ||     9
Dodge: Dodged            |    62 |   116 ||   178
